 Dungeon Crawl Stone Soup version 0.17.1-3-g152610e (webtiles) character file.

1750 juanjsm the Covert (level 8, -9/37 HPs)
             Began as a Spriggan Venom Mage on Apr 8, 2016.
             Mangled by a hill giant
             ... wielding a cursed -3 giant club
              (34 damage)
             ... on level 10 of the Dungeon.
             The game lasted 00:44:32 (6164 turns).

juanjsm the Covert (Spriggan Venom Mage)            Turns: 6164, Time: 00:44:33

Health: -9/37      AC:  2    Str:  4    XL:     8   Next: 78%
Magic:  19/19      EV: 20    Int: 18    God:
Gold:   387        SH:  0    Dex: 17    Spells: 5 memorised, 5 levels left

rFire  + . .     SeeInvis +     k - +0 dagger (speed)
rCold  . . .     Clarity  .     C - +0 robe of an ice cave {rPois}
rNeg   . . .     SustAt   .     (shield restricted)
rPois  +         Gourm    .     (helmet restricted)
rElec  .         Spirit   .     (no cloak)
rCorr  .         Warding  .     (gloves unavailable)
rMut   .         Stasis   .     (boots unavailable)
MR     +....                    j - amulet of inaccuracy (curse)
Stlth  +++++.....               e - ring of protection from fire
                                g - ring of flight

@: very quick, somewhat resistant to hostile enchantments, quite stealthy
A: unfitting armour, see invisible, herbivore 3, speed 3, slow metabolism 2
a: Evoke Flight


You were on level 10 of the Dungeon.
You were full.

You visited 2 branches of the dungeon, and saw 11 of its levels.

You collected 387 gold pieces.

Inventory:

Hand Weapons
 k - a +0 dagger of speed (weapon)
 r - a +2 quarterstaff of protection
 v - a +1 short sword of electrocution
 E - a +2 dagger of draining
Armour
 a - a +0 robe
 C - the +0 robe of an ice cave (worn) {rPois}
   (You found it on level 8 of the Dungeon)

   It protects you from poison.
Magical Staves
 w - an uncursed staff of wizardry
Jewellery
 e - a ring of protection from fire (right hand)
 g - a ring of flight (left hand)
 j - a cursed amulet of inaccuracy (around neck)
 o - an uncursed ring of poison resistance
Wands
 d - a wand of magic darts (24)
 D - a wand of enslavement (22)
Scrolls
 h - a scroll of immolation {unknown}
 m - 3 scrolls of magic mapping
 n - a scroll of remove curse {unknown}
 u - 2 scrolls of enchant armour
 y - 2 scrolls of enchant weapon
 z - a scroll of blinking {unknown}
 A - a scroll of noise {unknown}
 B - a scroll of silence {unknown}
Potions
 i - 3 potions of mutation
 l - 5 potions of curing
 q - a potion of flight
 s - a potion of might
 t - 2 potions of agility
 x - a potion of brilliance {unknown}
Books
 b - a Young Poisoner's Handbook

   Spells                             Type                      Level
   a - Sting                          Conjuration/Poison           1
   b - Cure Poison                    Poison                       2
   c - Mephitic Cloud                 Conjuration/Poison/Air       3
   d - Olgreb's Toxic Radiance        Poison                       4
   e - Venom Bolt                     Conjuration/Poison           5
Comestibles
 c - 6 bread rations


   Skills:
 + Level 1.4 Fighting
 + Level 1.2 Short Blades
 + Level 5.2 Dodging
 * Level 10.5 Stealth
 * Level 6.8 Spellcasting
 + Level 3.1 Conjurations
 + Level 1.5 Air Magic
 + Level 5.7 Poison Magic


You had 5 spell levels left.
You knew the following spells:

 Your Spells              Type           Power        Failure   Level  Hunger
a - Sting                 Conj/Pois      ###.         1%          1    None
b - Mephitic Cloud        Conj/Pois/Air  ###.....     10%         3    ##.....
c - Cure Poison           Pois           ####......   1%          2    None
d - Olgreb's Toxic Radia  Pois           ####....     14%         4    ####...
e - Venom Bolt            Conj/Pois      ###.......   54%         5    #####..


Dungeon Overview and Level Annotations

Branches:
Dungeon (10/15)            Temple (1/1) D:4
   Lair: D:8-11         Orc: D:9-12

Altars:
Cheibriados
Elyvilon
Fedhas
Gozag
Makhleb
Nemelex Xobeh
Okawaru
Qazlal
Ru
Sif Muna
Trog
Xom
Zin
The Shining One

Annotations:
D:4 Blork the orc
D:5 Dowan; Duvessa; Urist's ghost, amateur HESk
D:8 1 runed door
D:10 Urug


Innate Abilities, Weirdness & Mutations

You are tiny and cannot use many weapons and most armour.
You have supernaturally acute eyesight.
You are a herbivore.
You cover ground extremely quickly.
You need consume almost no food.


Message History

You kill the giant frog!
Found a whip.
A hound skeleton comes into view.
The hound skeleton moves out of view.
Found a fuming yellow potion.
Found a stone staircase leading down.
Found 3 javelins of penetration.
Found an escape hatch in the floor.
You see here 3 javelins of penetration.
Found a potion of curing.
Found a silvery potion.
Found 12 gold pieces.
l - 5 potions of curing (gained 1)
A hill giant comes into view. It is wielding a giant club.
A scorpion comes into view.
Found a scroll of identify.
You see here 12 gold pieces.
You now have 387 gold pieces (gained 12).
The hill giant hits you with a giant club!!
Ouch! That really hurt!
You die...

#.##.. #.##.# #######.##.#
######## #...(..Z....
####......# ######Z####.###.#
#...Z..##.###.............#.#
#Z##.#..s...#.##......#.#.#..
#.##.#..###.#.##.#..#.#.#.###
#.##.#..# #.@...........# #
#.##.#.s###C#.##.#..#.>.#
#.##.#..................#
#.Z....####..............
##......# #......!#.#..##
#.#.##.# #.....?.# # #.#.# .#
#.......# #.#.# .# #.......#
#.#.# .# #........


You could see a hill giant.

Vanquished Creatures
  A hill giant (D:8)
  A hungry ghost (D:9)
  A black bear (D:6)
  A sky beast (D:7)
  2 centaurs
  A big kobold (D:8)
  4 giant frogs
  A scorpion (D:9)
  A giant frog zombie (D:8)
  Crazy Yiuf (D:7)
  2 orc priests
  2 hounds
  An iguana (D:6)
  6 worker ants
  An orc wizard (D:4)
  A gnoll (D:6)
  A shadow imp (D:6)
  6 adders
  2 giant geckos
  An orc (D:5)
  A bat (D:2)
  4 giant cockroaches
  A goblin (D:1)
  7 kobolds
  2 quokkas
  A giant newt (D:7)
  4 jackals
  A quokka skeleton (D:6)
  2 rats
60 creatures vanquished.

Vanquished Creatures (others)
  A soldier ant (D:8)
  An orc (D:5)
  A quokka (D:5)
3 creatures vanquished.

Grand Total: 63 creatures vanquished

Notes
Turn   | Place    | Note
--------------------------------------------------------------
     0 | D:1      | juanjsm the Spriggan Venom Mage began the quest for the Orb.
     0 | D:1      | Reached XP level 1. HP: 9/9 MP: 5/5
   364 | D:4      | Noticed an ogre
   383 | D:4      | Reached XP level 2. HP: 5/13 MP: 0/6
   587 | D:4      | Found a staircase to the Ecumenical Temple.
   600 | Temple   | Entered the Ecumenical Temple
   724 | D:4      | Noticed a phantom
   739 | D:4      | Noticed Blork the orc
   997 | D:3      | Noticed an orc wizard
   998 | D:3      | Noticed an orc wizard
  1463 | D:3      | Reached XP level 3. HP: 11/16 MP: 5/8
  1664 | D:3      | Learned a level 3 spell: Mephitic Cloud
  1667 | D:3      | Learned a level 2 spell: Cure Poison
  1802 | D:4      | Noticed a hound
  1866 | D:5      | Entered Level 5 of the Dungeon
  1909 | D:5      | Noticed Urist's ghost (amateur HESk)
  2159 | D:5      | Noticed Duvessa
  2159 | D:5      | Noticed Dowan
  2309 | D:5      | Reached XP level 4. HP: 16/21 MP: 4/10
  2315 | D:5      | Learned a level 4 spell: Olgreb's Toxic Radiance
  2380 | D:5      | Found a white marble altar of Elyvilon.
  2442 | D:5      | Noticed an ogre
  2878 | D:6      | Found a snail-covered altar of Cheibriados.
  2898 | D:6      | Noticed a giant frog
  2911 | D:6      | Killed a giant frog
  2911 | D:6      | Reached skill level 1 in Fighting
  2911 | D:6      | Reached XP level 5. HP: 23/25 MP: 4/11
  2955 | D:6      | Noticed a black bear
  3067 | D:6      | Reached skill level 1 in Conjurations
  3123 | D:6      | Reached skill level 5 in Stealth
  3575 | D:6      | Reached XP level 6. HP: 30/30 MP: 4/13
  4038 | D:7      | Reached skill level 6 in Stealth
  4224 | D:7      | Found a glowing silver altar of Zin.
  4284 | D:7      | Reached skill level 5 in Spellcasting
  4297 | D:7      | Noticed Crazy Yiuf
  4303 | D:7      | Killed Crazy Yiuf
  4340 | D:7      | Reached XP level 7. HP: 33/33 MP: 15/15
  4347 | D:7      | Learned a level 5 spell: Venom Bolt
  4426 | D:6      | Killed a black bear
  4426 | D:6      | Reached skill level 7 in Stealth
  4554 | D:8      | Reached skill level 5 in Poison Magic
  4672 | D:8      | Found a runed door.
  4691 | D:8      | Found a runed door.
  4708 | D:8      | Noticed a soldier ant
  4897 | D:8      | Found a blossoming altar of Fedhas.
  4961 | D:8      | Noticed a hill giant
  4997 | D:8      | Killed a hill giant
  4997 | D:8      | Reached skill level 9 in Stealth
  4997 | D:8      | Reached skill level 1 in Air Magic
  4997 | D:8      | Reached XP level 8. HP: 37/37 MP: 5/18
  5022 | D:8      | Got an ominously black robe
  5033 | D:8      | Identified the +0 robe of an ice cave {rPois} (You found it on level 8 of the Dungeon)
  5118 | D:8      | Killed a soldier ant
  5118 | D:8      | Reached skill level 1 in Short Blades
  5138 | D:8      | Noticed a hungry ghost
  5378 | D:9      | Reached skill level 5 in Dodging
  5772 | D:9      | Reached skill level 10 in Stealth
  5864 | D:10     | Entered Level 10 of the Dungeon
  5872 | D:10     | Noticed Urug
  6134 | D:10     | Noticed a hill giant
  6164 | D:10     | Mangled by a hill giant

Action                   |  1- 3 |  4- 6 |  7- 9 || total
-------------------------+-------+-------+-------++-------
Melee: Dagger            |    50 |    55 |    68 ||   173
       Unarmed           |     2 |       |       ||     2
 Cast: Sting             |    60 |    23 |    29 ||   112
       Mephitic Cloud    |       |    10 |    21 ||    31
       Cure Poison       |       |       |     1 ||     1
  Use: Scroll            |       |       |     9 ||     9
 Stab: Sleeping          |     5 |     9 |     6 ||    20
       Confused          |       |     5 |     9 ||    14
       Distracted        |       |     1 |       ||     1
  Eat: Fruit             |       |     3 |       ||     3
       Bread ration      |       |       |     1 ||     1
